 Dungeon Crawl Stone Soup version 0.21-a0-140-g479285b (webtiles) character file.

1002 Leszczynek the Ruffian (level 8, -5/62 HPs)
             Began as a Hill Orc Arcane Marksman on July 21, 2017.
             Was a Believer of Cheibriados.
             Killed from afar by grindst0ne's ghost (6 damage)
             ... with a flame tongue
             ... on level 5 of the Dungeon.
             The game lasted 00:17:43 (3053 turns).

Leszczynek the Ruffian (Hill Orc Arcane Marksman)   Turns: 3053, Time: 00:17:44

Health: -5/62      AC: 11    Str: 20    XL:     8   Next: 20%
Magic:  5/11       EV: 10    Int: 19    God:    Cheibriados [**....]
Gold:   293        SH:  5    Dex: 18    Spells: 8/9 levels left

rFire    + + .     SeeInvis .     - Unarmed
rCold    x . .     Gourm    .   l - +0 buckler
rNeg     . . .     Faith    .   b - +0 fire dragon scales
rPois    .         Spirit   .   k - +0 helmet
rElec    .         Reflect  .   (no cloak)
rCorr    .         Harm     .   r - +0 pair of gloves
MR       .....                  h - +0 pair of boots
Stlth    ..........             (no amulet)
HPRegen  0.20/turn              (no ring)
MPRegen  0.12/turn              (no ring)

@: very slow
A: no striking features
a: Bend Time, Renounce Religion


You were on level 5 of the Dungeon.
You worshipped Cheibriados.
Cheibriados was pleased with you.
You were hungry.

You visited 1 branch of the dungeon, and saw 5 of its levels.
You also visited: Sewer.

You collected 293 gold pieces.

Inventory:

Hand Weapons
 a - a +2 hand crossbow
 i - a +0 dagger of electrocution
Missiles
 f - a bolt
Armour
 b - +0 fire dragon scales (worn)
 e - a +0 robe
 h - a +0 pair of boots (worn)
 k - a +0 helmet (worn)
 l - a +0 buckler (worn)
 r - a +0 pair of gloves (worn)
 s - a +0 ring mail
Scrolls
 q - 3 scrolls of identify {@r1}
Potions
 j - 4 potions of flight
Books
 c - a book of Debilitation

   Spells                             Type                      Level
   a - Corona                         Hexes                        1
   b - Slow                           Hexes                        2
   c - Inner Flame                    Hexes/Fire                   3
   d - Portal Projectile              Hexes/Translocation          3
   e - Cause Fear                     Hexes                        4
   f - Leda's Liquefaction            Hexes/Earth                  4
Comestibles
 d - 3 bread rations
 g - 4 chunks of flesh
 p - 2 royal jellies


   Skills:
 + Level 2.8 Fighting
 - Level 1.7 Crossbows
 - Level 1.5 Dodging
 - Level 4.3 Shields
 * Level 7.7 Unarmed Combat
 - Level 1.0 Spellcasting
 - Level 3.0 Hexes
 - Level 4.0 Invocations


You had 8 spell levels left.
You knew the following spells:

 Your Spells              Type           Power        Failure   Level  Hunger
a - Corona                Hex            ##.....      21%         1    ##.....


Dungeon Overview and Level Annotations

Branches:
Dungeon (5/15)             Temple (0/1) D:5

Altars:
Cheibriados
Gozag

Annotations:
D:5 grindst0ne's ghost, novice HOFE


Message History

You hit grindst0ne's ghost but do no damage.
Grindst0ne's ghost is severely damaged.
You hit grindst0ne's ghost.
Grindst0ne's ghost is severely damaged.
Grindst0ne's ghost wails.
Grindst0ne's ghost hits you.
* * * LOW HITPOINT WARNING * * *
Your fire dragon scales prevents you from hitting grindst0ne's ghost.
Grindst0ne's ghost is severely damaged.
You barely miss grindst0ne's ghost.
Grindst0ne's ghost is severely damaged.
Grindst0ne's ghost hits you.
* * * LOW HITPOINT WARNING * * *
You hit grindst0ne's ghost.
Grindst0ne's ghost is severely damaged.
You punch grindst0ne's ghost!
Grindst0ne's ghost is almost destroyed.
Grindst0ne's ghost points at you and mumbles some strange words.
The flame tongue hits you! You resist.
You die...

≈≈≈≈≈≈.....................<##
≈≈≈≈≈≈≈≈...............#.....#
≈≈≈≈≈≈≈≈≈..............#.....#
...≈≈≈≈≈≈...............#...##
.>.≈≈≈≈≈≈..................#.#
...≈≈≈≈≈≈.................####
≈≈≈≈ ................## ≈≈≈
........§.......# ≈≈
.......@.......## .
......W§.......#
.........§......#
................#
.....?...........#
.................#
..................
.................


You could see grindst0ne's ghost.

Vanquished Creatures
  A sky beast (D:5)
  3 ogres (D:4)
  2 scorpions
  A howler monkey (D:4)
  A crimson imp (D:5)
  A centaur zombie (D:5)
  An orc priest (D:5)
  An iguana (D:4)
  A centaur skeleton (D:4)
  A merfolk siren (Sewer)
  3 orc wizards
  3 worker ants
  Robin (D:4)
  2 adders (Sewer)
  4 river rats (Sewer)
  5 worms (D:3)
  3 dart slugs
  5 leopard geckos
  13 orcs
  6 ball pythons
  5 giant cockroaches
  5 hobgoblins
  4 jackals (D:1)
  3 kobolds (D:3)
  A quokka (D:5)
  6 bats
  3 frilled lizards
  9 goblins
  A quokka zombie (D:5)
  21 rats
116 creatures vanquished.

Notes
Turn   | Place    | Note
-------+----------+-------------------------------------------
     0 | D:1      | Leszczynek the Hill Orc Arcane Marksman began the quest for the Orb.
     0 | D:1      | Reached XP level 1. HP: 16/16 MP: 2/2
    63 | D:1      | Reached skill level 2 in Fighting
   139 | D:1      | Reached XP level 2. HP: 25/25 MP: 3/3
   380 | D:3      | Reached skill level 1 in Shields
   393 | D:3      | Found an opulent altar of Gozag.
   561 | D:3      | Reached XP level 3. HP: 30/30 MP: 4/4
   565 | D:3      | Reached skill level 2 in Shields
   620 | D:3      | Found a snail-covered altar of Cheibriados.
   629 | D:3      | Became a worshipper of Cheibriados the Contemplative
   782 | D:3      | Reached skill level 1 in Unarmed Combat
   895 | D:3      | Found a glowing drain.
   929 | Sewer    | Entered a sewer
   946 | Sewer    | Reached XP level 4. HP: 23/37 MP: 5/5
  1016 | Sewer    | Reached skill level 2 in Unarmed Combat
  1171 | Sewer    | Reached * piety under Cheibriados
  1211 | Sewer    | Reached skill level 2 in Invocations
  1211 | Sewer    | Reached XP level 5. HP: 40/42 MP: 6/6
  1385 | Sewer    | Reached skill level 3 in Shields
  1446 | Sewer    | Noticed a malarious merfolk avatar
  1452 | Sewer    | Reached skill level 3 in Unarmed Combat
  1754 | D:4      | Reached ** piety under Cheibriados
  1969 | D:4      | Reached skill level 4 in Unarmed Combat
  1969 | D:4      | Reached XP level 6. HP: 33/50 MP: 4/7
  2040 | D:4      | Reached skill level 4 in Shields
  2054 | D:4      | Reached skill level 5 in Unarmed Combat
  2055 | D:4      | jesus
  2185 | D:4      | Noticed Robin
  2203 | D:4      | Killed Robin
  2203 | D:4      | Reached XP level 7. HP: 55/56 MP: 8/8
  2316 | D:4      | Reached skill level 6 in Unarmed Combat
  2557 | D:5      | Entered Level 5 of the Dungeon
  2557 | D:5      | Noticed grindst0ne's ghost (novice HOFE)
  2671 | D:5      | Reached skill level 3 in Invocations
  2684 | D:5      | Reached skill level 7 in Unarmed Combat
  2769 | D:5      | Reached XP level 8. HP: 29/62 MP: 6/10
  2841 | D:5      | Reached skill level 4 in Invocations
  2935 | D:5      | Found a staircase to the Ecumenical Temple.
  3046 | D:5      | HP: 8/62 [grindst0ne's ghost (11)]
  3051 | D:5      | HP: 1/62 [grindst0ne's ghost (5)]
  3053 | D:5      | Killed from afar by grindst0ne's ghost

Vault maps used:
D:1:      sevenhm_arrival_forest_fort_small_3
D:2:      marbit_many_paths, gammafunk_temple_overflow_pools
D:3:      nicolae_gozag_seed_capital, kennysheep_slug_shrine,
          gup_sewer_entry_spiral, corexii_shack
D:4:      first_bread, moated_statue, uniq_robin
D:5:      temple_pool_b, hangedman_abyss_or_decor_stabs
Sewer:    sewer_sea

Skill      XL: |  1  2  3  4  5  6  7  8 |
---------------+-------------------------+-----
Fighting       | 2 |  2.8
Shields        | 1 2 3 4 |  4.3
Unarmed Combat | 1 2 4 5 7 |  7.7
Invocations    | 2 3 4 |  4.0
Crossbows      | |  1.7
Dodging        | |  1.5
Spellcasting   | |  1.0
Hexes          | |  3.0

Action                   |  1- 3 |  4- 6 |  7- 9 || total
-------------------------+-------+-------+-------++-------
Melee: Short sword       |    52 |   167 |       ||   219
       Unarmed           |       |    16 |   210 ||   226
 Fire: Hand crossbow     |    76 |    42 |       ||   118
 Cast: Corona            |       |     2 |     1 ||     3
Invok: Bend Time         |       |     2 |     8 ||    10
  Use: Scroll            |       |     7 |     3 ||    10
       Potion            |       |     4 |     1 ||     5
  Eat: Chunk             |     1 |     3 |     2 ||     6
Armor: Robe              |    15 |       |       ||    15
       Leather armour    |    12 |    72 |       ||    84
       Ring mail         |       |    12 |    15 ||    27
       Fire dragon scale |       |       |    47 ||    47
       Skin              |       |       |     3 ||     3
Dodge: Dodged            |    73 |   113 |    51 ||   237
Block: Buckler           |    14 |    47 |    26 ||    87
